 Dungeon Crawl Stone Soup version 0.29.0-13-gc9e81de378 (webtiles) character file.

Game seed: 7003047720156924364

158 pacmanke6689 the Grave Robber (level 5, -1/35 HPs)
             Began as a Human Necromancer on Sept 10, 2022.
             Blown up by Ijyb (5 damage)
             ... with a mindburst bolt
             ... on level 3 of the Dungeon.
             The game lasted 00:11:32 (3057 turns).

pacmanke6689 the Grave Robber (Human Necromancer)   Turns: 3057, Time: 00:11:32

Health: -1/35      AC:  5    Str:  9    XL:     5   Next: 66%
Magic:  2/11       EV: 12    Int: 17    God:
Gold:   111        SH:  0    Dex: 13    Spells: 8/12 levels left

rFire   . . .      SeeInvis .   g - +2 short sword (speed)
rCold   . . .      Faith    .   (no shield)
rNeg    . . .      Spirit   .   a - +2 robe
rPois   .          Reflect  .   (no helmet)
rElec   .          Harm     .   (no cloak)
rCorr   .          Rampage  .   l - +0 pair of gloves
Will    .....                   (no boots)
Stlth   ++........              (no amulet)
HPRegen 0.11/turn               (no ring)
MPRegen 0.12/turn               (no ring)

@: slowed, very slow
A: no striking features
a: no special abilities


You were on level 3 of the Dungeon.
You visited 1 branch of the dungeon, and saw 3 of its levels.

You collected 111 gold pieces.

Inventory:

Hand Weapons
 g - a +2 short sword of speed (weapon)
Armour
 a - a +2 robe (worn)
 j - the +5 robe of Misfortune {Harm *Corrode *Slow EV+5}
   (You found it on level 3 of the Dungeon)

   EV:        It affects your evasion (+5).
   *Corrode:  It may corrode you when you take damage.
   *Slow:     It may slow you when you take damage.
   Harm:      It increases damage dealt and taken.
 l - a +0 pair of gloves (worn)
Jewellery
 e - a ring of protection from fire
 h - a ring of ice
 i - a ring of magical power
Scrolls
 k - a scroll of teleportation
Potions
 b - a potion of heal wounds
 c - a potion of might {unknown}
 d - a potion of lignification {unknown}
 f - a potion of cancellation {unknown}


   Skills:
 + Level 0.2 Fighting
 + Level 2.0 Dodging
 + Level 2.0 Stealth
 + Level 4.1 Spellcasting
 + Level 5.0 Necromancy


You had 8 spell levels left.
You knew the following spells:

 Your Spells              Type           Power      Damage    Failure   Level
a - Necrotise             Necr           80%        1d8       1%          1
b - Vampiric Draining     Necr           20%        2d7       6%          3

Your spell library contained the following spells:

 Spells                   Type           Power      Damage    Failure   Level
 Animate Dead             Necr           20%        N/A       19%         4
 Poisonous Vapours        Pois/Air       6%         N/A       24%         2
 Agony                    Necr           20%        N/A       47%         5
 Corpse Rot               Necr/Pois/Air  9%         N/A       61%         4


Dungeon Overview and Level Annotations

Branches:
Dungeon (3/15)

Altars:

Annotations:
D:3 Ijyb


Message History

Aim: Natasha (lightly wounded)
You draw life force from Natasha!
Natasha stares at you and mumbles some strange words.
You feel yourself slow down.
Casting: Vampiric Draining (dangerous; 6% risk of failure)
Confirm with . or Enter, or press ? or * to list all spells.
Aiming: Vampiric Draining (dangerous; 6% risk of failure)
Press: ? - help, Shift-Dir - straight line, f/p - Natasha
Aim: Natasha (severely wounded)
You draw life force from Natasha.
You kill Natasha!
Natasha screams in pain as she dies!
Ijyb zaps a wand.
You barely resist.
Your Spellcasting skill increases to level 4!
Casting: Vampiric Draining (dangerous; 6% risk of failure)
Confirm with . or Enter, or press ? or * to list all spells.
You don't have enough magic to cast this spell.
Aiming: Necrotise (safe; 1% risk of failure)
Press: ? - help, Q - select action, (/) - cycle Shift-Dir - straight line, f - Ijyb
Aim: Ijyb, wielding a +7 club, wearing a +0 scale mail and carrying a wand of mindburst (3) (chance to affect: 84%) Ijyb writhes in agony.
Ijyb hits you with a +7 club.
You hit Ijyb but do no damage.
Ijyb is lightly wounded.
Ijyb hits you with a +7 club.
Aiming: Necrotise (safe; 1% risk of failure)
Press: ? - help, Q - select action, (/) - cycle Shift-Dir - straight line, f/p - Ijyb
Aim: Ijyb, wielding a +7 club, wearing a +0 scale mail and carrying a wand of mindburst (3) (lightly wounded, chance to affect: 84%) Ijyb writhes in agony.
Ijyb hits you with a +7 club. Ijyb hits you with a +7 club.
Ijyb attacks as you move away! Ijyb hits you with a +7 club.
Ijyb hits you with a +7 club.
* * * LOW HITPOINT WARNING * * *
Ijyb attacks as you move away! Ijyb hits you with a +7 club.
* * * LOW HITPOINT WARNING * * *
Ijyb attacks as you move away! Ijyb hits you with a +7 club.
* * * LOW HITPOINT WARNING * * *
Ijyb zaps a wand.
Your mind is blasted!
You die...

#.# # #.# # #.# ##
# #.# ##.
#.###.#.#### ##..
...........# #...
..#####.##g# #...
#.##.# #.#. #.##@#
#.## ..##.#####
#.## ####.....#
#.## #.###.# #.##
#...#)#########.##
#.#...............
#(....#########...
###..## #### #..#


You could see Ijyb.

Vanquished Creatures
  Terence (D:2)
  Natasha (D:3)
  2 gnolls (D:3)
  2 adders
  An orc (D:3)
  5 ball pythons
  5 endoplasms
  2 giant cockroaches
  4 goblins
  3 hobgoblins
  3 jackals (D:1)
  6 kobolds
  2 quokkas (D:2)
  8 bats
  10 frilled lizards
  7 rats
62 creatures vanquished.

Vanquished Creatures (collateral kills)
  A gnoll (D:3)
  An endoplasm (D:2)
  2 frilled lizards (D:2)
4 creatures vanquished.

Vanquished Creatures (others)
  2 plants (D:2)
2 creatures vanquished.

Grand Total: 68 creatures vanquished

Notes
Turn   | Place    | Note
-------+----------+-------------------------------------------
     0 | D:1      | pacmanke6689 the Human Necromancer began the quest for the
                  | Orb.
     0 | D:1      | Reached XP level 1. HP: 13/13 MP: 3/3
   259 | D:1      | Reached XP level 2. HP: 15/19 MP: 0/5
   829 | D:1      | Reached XP level 3. HP: 24/24 MP: 0/6
  1479 | D:2      | Reached XP level 4. HP: 30/30 MP: 1/8
  1480 | D:2      | Noticed an eye of devastation
  1482 | D:2      | Found a faded altar of an unknown god.
  1542 | D:2      | Noticed a golden eye
  1542 | D:2      | Noticed a golden eye
  1542 | D:2      | Noticed a golden eye
  1765 | D:2      | Noticed Terence
  1774 | D:2      | Killed Terence
  2657 | D:3      | Found the +5 robe of Misfortune {Harm *Corrode *Slow EV+5}
  2682 | D:3      | Reached XP level 5. HP: 32/35 MP: 3/10
  2785 | D:3      | Reached skill level 5 in Necromancy
  2789 | D:3      | Learned a level 3 spell: Vampiric Draining
  3041 | D:3      | Noticed Natasha
  3045 | D:3      | Noticed Ijyb
  3048 | D:3      | Killed Natasha
  3057 | D:3      | Blown up by Ijyb

Illustrated notes

Levels and vault maps discovered:
D:1:      eino_arrival_water_cross, layout_loops_cross, fountainhead
D:2:      minmay_door_path, layout_loops_ring,
          hellmonk_ecumenical_altar_watching_god, dreamdust_wishing_well,
          minmay_lizard_king, uniq_terence
D:3:      layout_loops_ring, lemuel_round_altar, grunt_ministairs_7,
          kennysheep_generic_room_4, uniq_ijyb, uniq_natasha

Skill      XL: |  1  2  3  4  5 |
---------------+----------------+-----
Spellcasting   | 3 4 |  4.1
Necromancy     | 5 |  5.0
Fighting       | |  0.2
Dodging        | |  2.0
Stealth        | |  2.0

Action                   |  1- 3 |  4- 6 || total
-------------------------+-------+-------++-------
Melee: Unarmed           |     5 |       ||     5
       Short sword       |       |     2 ||     2
 Cast: Necrotise         |    70 |    54 ||   124
       Vampiric Draining |       |     2 ||     2
  Use: Potion            |     1 |       ||     1
       Scroll            |     3 |     2 ||     5
Armor: Robe              |     4 |     1 ||     5
Dodge: Dodged            |    12 |    16 ||    28
